Workbook
Name Excel_BuiltIn_Print_Area_1: #REF!
Name Excel_BuiltIn_Print_Titles_1: #REF!

Sheet Роженцово
A1: 17 | B1: Предварительный реестр расходных обязательств администрации Роженцовского сельсовета на 2020-2022 г.г.
B3: Наименование полномочия, расходного обязательства | D3: Наименование муниципальной услуги (работы), код строки | E3: Правовое основание финансового обеспечения и расходования средств (нормативные правовые акт, договоры, соглашения) | K3: Код расхода по БК | M3: Объем средств на исполнение расходного обязательства
A4: ID_Form = 1000368 | E4: Российской Федерации | H4: субъекта Российской Федерации | M4: отчетный 2018 год | O4: текущий 2019 год | P4: очередной 2020 год | Q4: плановый период
A5: 6 | E5: Наименование номер и дата | F5: Номер статьи (подстатьи), пункта (подпункта ) | G5: Дата вступления в силу и срок действия | H5: Наименование номер и дата | I5: Номер статьи (подстатьи), пункта (подпункта ) | J5: Дата вступления в силу и срок действия | K5: раздел | L5: подраздел | M5: по плану | N5: по факту исполнения | Q5: 2021 | R5: 2022
A6: 8 | C6: 1 | D6: 2 | E6: 3 | F6: 4 | G6: 5 | H6: 6 | I6: 7 | J6: 8 | K6: 12 | L6: 13 | M6: 14 | N6: 15 | O6: 16 | P6: 17 | Q6: 18 | R6: 19
B7: 1. | C7: Расходные обязательства, возникшие в результате принятия нормативных правовых актов сельского поселения, заключения договоров (соглашений), всего из них: | D7: 5000 | E7: х | F7: х | G7: х | H7: х | I7: х | J7: х | K7: х | L7: х | M7: =SUM(M8+M48+M91+M100) -> 15101.8 | N7: =SUM(N8+N48+N91+N100) -> 14953.1 | O7: =SUM(O8+O48+O91+O100) -> 12960.1 | P7: =SUM(P8+P48+P91+P100) -> 12646 | Q7: =SUM(Q8+Q48+Q91+Q100) -> 11380.6 | R7: =SUM(R8+R48+R91+R100) -> 12340.2
B8: 1.1. | C8: Расходные обязательства, возникшие в результате принятия нормативных правовых актов сельского поселения, заключения договоров (соглашений) в рамках реализации вопросов местного значения сельского поселения, всего | D8: 5001 | E8: х | F8: х | G8: х | H8: х | I8: х | J8: х | K8: х | L8: х | M8: =SUM(M9:M47) -> 7878.8 | N8: =SUM(N9:N47) -> 7849.6 | O8: =SUM(O9:O47) -> 4878.4 | P8: =SUM(P9:P47) -> 4386.3 | Q8: =SUM(Q9:Q47) -> 4612.5 | R8: =SUM(R9:R47) -> 4826.3
B9: 1.1.1. | C9: составление и рассмотрение проекта бюджета сельского поселения, утверждение и исполнение бюджета сельского поселения, осуществление контроля за его исполнением, составление и утверждение отчета об исполнении бюджета сельского поселения | D9: 5002 | Q9: =#N/A -> 0 | R9: =#N/A -> 0
B10: 1.1.2. | C10: установление, изменение и отмена местных налогов и сборов сельского поселения | D10: 5003 | Q10: =#N/A -> 0 | R10: =#N/A -> 0
B11: 1.1.3. | C11: владение, пользование и распоряжение имуществом, находящимся в муниципальной собственности сельского поселения | D11: 5004
B12: 1.1.4. | C12: обеспечение первичных мер пожарной безопасности в границах населенных пунктов сельского поселения | D12: 5005 | E12: Федеральный закон от 21.12.1994 N 69-ФЗ(ред. от 23.06.2016) "О пожарной безопасности" | F12: статья 19 | G12: 21.12.1994 не ограничен | K12: 03 03 | L12: 09 10 | M12: 1318.1 | N12: 1312.2 | O12: 1402.1 | P12: 1487.5 | Q12: 1487.5 | R12: 1487.5
B13: 1.1.5. | C13: создание условий для обеспечения жителей сельского поселения услугами связи, общественного питания, торговли и бытового обслуживания | D13: 5006 | Q13: =#N/A -> 0 | R13: =#N/A -> 0
B14: 1.1.6. | C14: создание условий для организации досуга и обеспечения жителей сельского поселения услугами организаций культуры | D14: 5007 | Q14: =#N/A -> 0 | R14: =#N/A -> 0
B15: 1.1.7. | C15: обеспечение условий для развития на территории сельского поселения физической культуры, школьного спорта и массового спорта, организация проведения официальных физкультурно-оздоровительных и спортивных мероприятий сельского поселения | D15: 5008 | E15: Федеральный закон от 06.10.2003 N 131-ФЗ (ред. от 03.07.2016) "Об общих принципах организации местного самоуправления в Российской Федерации" | F15: статья 14, п.14 | G15: 06.10.2010 не ограничен | K15: 11 | L15: 02 | M15: 2636.7 | N15: 2632.4
B16: 1.1.8. | C16: формирование архивных фондов сельского поселения | D16: 5009 | Q16: =#N/A -> 0 | R16: =#N/A -> 0
B17: 1.1.9. | C17: утверждение правил благоустройства территории сельского поселения, устанавливающих в том числе требования по содержанию зданий (включая жилые дома), сооружений и земельных участков, на которых они расположены, к внешнему виду фасадов и ограждений соответствующих зданий и сооружений, перечень работ по благоустройству и периодичность их выполнения; установление порядка участия собственников зданий (помещений в них) и сооружений в благоустройстве прилегающих территорий; организация благоустройства территории сельского поселения (включая освещение улиц, озеленение территории, установку указателей с наименованиями улиц и номерами домов, размещение и содержание малых архитектурных форм) | D17: 5010 | E17: Федеральный закон от 06.10.2003 N 131-ФЗ (ред. от 03.07.2016) "Об общих принципах организации местного самоуправления в Российской Федерации" | F17: статья 14, п.19 | G17: 06.10.2010 не ограничен | K17: 05 04 | L17: 03 01 | M17: 2453 | N17: 2450.5 | O17: 1186.7 | P17: 840.3 | Q17: 604.9 | R17: 721.8
B18: 1.1.10. | C18: присвоение адресов объектам адресации, изменение, аннулирование адресов, присвоение наименований элементам улично-дорожной сети (за исключением автомобильных дорог федерального значения, автомобильных дорог регионального или межмуниципального значения, местного значения муниципального района), наименований элементам планировочной структуры в границах сельского поселения, изменение, аннулирование таких наименований, размещение информации в государственном адресном реестре | D18: 5011 | Q18: =#N/A -> 0 | R18: =#N/A -> 0
B19: 1.1.11. | C19: содействие в развитии сельскохозяйственного производства, создание условий для развития малого и среднего предпринимательства на территории сельского поселения | D19: 5012 | Q19: =#N/A -> 0 | R19: =#N/A -> 0
B20: 1.1.12. | C20: организация и осуществление мероприятий по работе с детьми и молодежью в сельском поселении | D20: 5013 | Q20: =#N/A -> 0 | R20: =#N/A -> 0
B21: 1.1.13. | C21: оказание поддержки гражданам и их объединениям, участвующим в охране общественного порядка, создание условий для деятельности народных дружин на территории сельского поселения | D21: 5014 | Q21: =#N/A -> 0 | R21: =#N/A -> 0
B22: 1.1.14. | C22: организация в границах сельского поселения электро-, тепло-, газо- и водоснабжения населения, водоотведения, снабжения населения топливом в пределах полномочий, установленных законодательством Российской Федерации | D22: 5015 | E22: Федеральный закон от 06.10.2003 N 131-ФЗ (ред. от 03.07.2016) "Об общих принципах организации местного самоуправления в Российской Федерации" | F22: статья 14, п.1,п.п.4 | G22: 06.10.2010 не ограничен | K22: 05 | L22: 02 | Q22: =#N/A -> 0 | R22: =#N/A -> 0
B23: 1.1.15. | C23: дорожная деятельность в отношении автомобильных дорог местного значения в границах населенных пунктов сельского поселения и обеспечение безопасности дорожного движения на них, включая создание и обеспечение функционирования парковок (парковочных мест), осуществление муниципального контроля за сохранностью автомобильных дорог местного значения в границах населенных пунктов сельского поселения, а также осуществление иных полномочий в области использования автомобильных дорог и осуществления дорожной деятельности в соответствии с законодательством Российской Федерации | D23: 5016 | E23: Федеральный закон от 08.11.2007 N 257-ФЗ (ред. от 03.07.2016) "Об автомобильных дорогах и о дорожной деятельности в Российской Федерации и о внесении изменений в отдельные законодательные акты Российской Федерации" (с изм. и доп., вступ. в силу с 15.11.2016) | F23: статья 19 | G23: 08.11.2007 не ограничен | K23: 04 | L23: 09 | M23: 1392 | N23: 1387.5 | O23: 1841.8 | P23: 1960.8 | Q23: 2422.4 | R23: 2519.3
B24: 1.1.16. | C24: обеспечение проживающих в сельском поселении и нуждающихся в жилых помещениях малоимущих граждан жилыми помещениями, организация строительства и содержания муниципального жилищного фонда, создание условий для жилищного строительства, осуществление муниципального жилищного контроля, а также иных полномочий органов местного самоуправления в соответствии с жилищным законодательством | D24: 5017 | E24: Федеральный закон от 06.10.2003 N 131-ФЗ (ред. от 03.07.2016) "Об общих принципах организации местного самоуправления в Российской Федерации" | F24: статья 14, п.6, ч.1 | G24: 06.10.2010 не ограничен | K24: 05 | L24: 01 | M24: 51.2 | N24: 39.2 | O24: 384.3 | P24: 89.7 | Q24: 89.7 | R24: 89.7
B25: 1.1.17. | C25: создание условий для предоставления транспортных услуг населению и организация транспортного обслуживания населения в границах сельского поселения | D25: 5018 | Q25: =#N/A -> 0 | R25: =#N/A -> 0
B26: 1.1.18. | C26: участие в профилактике терроризма и экстремизма, а также в минимизации и (или) ликвидации последствий проявлений терроризма и экстремизма в границах сельского поселения | D26: 5019 | Q26: =#N/A -> 0 | R26: =#N/A -> 0
B27: 1.1.19. | C27: создание условий для реализации мер, направленных на укрепление межнационального и межконфессионального согласия, сохранение и развитие языков и культуры народов Российской Федерации, проживающих на территории сельского поселения, социальную и культурную адаптацию мигрантов, профилактику межнациональных (межэтнических) конфликтов | D27: 5020 | Q27: =#N/A -> 0 | R27: =#N/A -> 0
B28: 1.1.20. | C28: участие в предупреждении и ликвидации последствий чрезвычайных ситуаций в границах сельского поселения | D28: 5021 | Q28: =#N/A -> 0 | R28: =#N/A -> 0
B29: 1.1.21. | C29: организация библиотечного обслуживания населения, комплектование и обеспечение сохранности библиотечных фондов библиотек сельского поселения | D29: 5022 | Q29: =#N/A -> 0 | R29: =#N/A -> 0
B30: 1.1.22. | C30: сохранение, использование и популяризация объектов культурного наследия (памятников истории и культуры), находящихся в собственности сельского поселения, охрана объектов культурного наследия (памятников истории и культуры) местного (муниципального) значения, расположенных на территории сельского поселения | D30: 5023 | Q30: =#N/A -> 0 | R30: =#N/A -> 0
B31: 1.1.23. | C31: создание условий для развития местного традиционного народного художественного творчества, участие в сохранении, возрождении и развитии народных художественных промыслов в сельского поселении | D31: 5024 | Q31: =#N/A -> 0 | R31: =#N/A -> 0
B32: 1.1.24. | C32: создание условий для массового отдыха жителей сельского поселения и организация обустройства мест массового отдыха населения, включая обеспечение свободного доступа граждан к водным объектам общего пользования и их береговым полосам | D32: 5025 | E32: Закона Российской Федерации от 9 октября 1992 года N 3612-1 "Основы законодательства Российской Федерации о культуре" | F32: статья 40 | G32: 09.10.1992 не ограничен | K32: 10 | L32: 06 | M32: 27.8 | N32: 27.8 | O32: 63.5 | P32: 8 | Q32: 8 | R32: 8
B33: 1.1.25. | C33: участие в организации деятельности по сбору (в том числе раздельному сбору) и транспортированию твердых коммунальных отходов | D33: 5026 | Q33: =#N/A -> 0 | R33: =#N/A -> 0
B34: 1.1.26. | C34: утверждение генеральных планов сельского поселения, правил землепользования и застройки, утверждение подготовленной на основе генеральных планов сельского поселения документации по планировке территории, выдача разрешений на строительство (за исключением случаев, предусмотренных Градостроительным кодексом Российской Федерации, иными федеральными законами), разрешений на ввод объектов в эксплуатацию при осуществлении строительства, реконструкции объектов капитального строительства, расположенных на территории сельского поселения, утверждение местных нормативов градостроительного проектирования сельского поселений, резервирование земель и изъятие земельных участков в границах сельского поселения для муниципальных нужд, осуществление муниципального земельного контроля в границах сельского поселения, осуществление в случаях, предусмотренных Градостроительным кодексом Российской Федерации, осмотров зданий, сооружений и выдача рекомендаций об устранении выявленных в ходе таких осмотров нарушений | D34: 5027 | E34: "Градостроительный кодекс Российской Федерации" от 29.12.2004 N 190-ФЗ (ред. от 03.07.2016) (с изм. и доп., вступ. в силу с 01.09.2016) | F34: статья 14, п.22 | G34: 29.12.2004 не ограничен | K34: 04 | L34: 12
B35: 1.1.27. | C35: организация ритуальных услуг и содержание мест захоронения | D35: 5028 | Q35: =#N/A -> 0 | R35: =#N/A -> 0
B36: 1.1.28. | C36: организация и осуществление мероприятий по территориальной обороне и гражданской обороне, защите населения и территории сельского поселения от чрезвычайных ситуаций природного и техногенного характера | D36: 5029 | Q36: =#N/A -> 0 | R36: =#N/A -> 0
B37: 1.1.29. | C37: создание, содержание и организация деятельности аварийно-спасательных служб и (или) аварийно-спасательных формирований на территории сельского поселения | D37: 5030 | Q37: =#N/A -> 0 | R37: =#N/A -> 0
B38: 1.1.30. | C38: осуществление мероприятий по обеспечению безопасности людей на водных объектах, охране их жизни и здоровья | D38: 5031 | Q38: =#N/A -> 0 | R38: =#N/A -> 0
B39: 1.1.31. | C39: создание, развитие и обеспечение охраны лечебно-оздоровительных местностей и курортов местного значения на территории сельского поселения, а также осуществление муниципального контроля в области использования и охраны особо охраняемых природных территорий местного значения | D39: 5032 | Q39: =#N/A -> 0 | R39: =#N/A -> 0
B40: 1.1.32. | C40: осуществление в пределах, установленных водным законодательством Российской Федерации, полномочий собственника водных объектов, информирование населения об ограничениях их использования | D40: 5033 | Q40: =#N/A -> 0 | R40: =#N/A -> 0
B41: 1.1.33. | C41: осуществление муниципального лесного контроля | D41: 5034 | Q41: =#N/A -> 0 | R41: =#N/A -> 0
B42: 1.1.34. | C42: предоставление помещения для работы на обслуживаемом административном участке сельского поселения сотруднику, замещающему должность участкового уполномоченного полиции | D42: 5035 | Q42: =#N/A -> 0 | R42: =#N/A -> 0
B43: 1.1.35. | C43: до 1 января 2017 года предоставление сотруднику, замещающему должность участкового уполномоченного полиции, и членам его семьи жилого помещения на период выполнения сотрудником обязанностей по указанной должности | D43: 5036 | Q43: =#N/A -> 0 | R43: =#N/A -> 0
B44: 1.1.36. | C44: оказание поддержки социально ориентированным некоммерческим организациям в пределах полномочий, установленных статьями 31.1 и 31.3 Федерального закона от 12 января 1996 года № 7-ФЗ «О некоммерческих организациях» | D44: 5037 | Q44: =#N/A -> 0 | R44: =#N/A -> 0
B45: 1.1.37. | C45: обеспечение выполнения работ, необходимых для создания искусственных земельных участков для нужд сельского поселения, проведение открытого аукциона на право заключить договор о создании искусственного земельного участка в соответствии с федеральным законом | D45: 5038 | Q45: =#N/A -> 0 | R45: =#N/A -> 0
B46: 1.1.38. | C46: осуществление мер по противодействию коррупции в границах сельского поселения | D46: 5039 | Q46: =#N/A -> 0 | R46: =#N/A -> 0
B47: 1.1.39. | C47: участие в соответствии с Федеральным законом от 24 июля 2007 года № 221-ФЗ «О государственном кадастре недвижимости» в выполнении комплексных кадастровых работ | D47: 5040 | Q47: =#N/A -> 0 | R47: =#N/A -> 0
B48: 1.2. | C48: Расходные обязательства, возникшие в результате принятия нормативных правовых актов сельского поселения, заключения договоров (соглашений) в рамках реализации полномочий органов местного самоуправления сельского поселения по решению вопросов местного значения сельского поселения, всего | D48: 5100 | E48: х | F48: х | G48: х | H48: х | I48: х | J48: х | K48: х | L48: х | M48: =SUM(M49:M90) -> 2074.3 | N48: =SUM(N49:N90) -> 1954.8 | O48: =SUM(O49:O90) -> 2047.9 | P48: =SUM(P49:P90) -> 1845.7 | Q48: =SUM(Q49:Q90) -> 1826.3 | R48: =SUM(R49:R90) -> 1835.9
B49: 1.2.1. | C49: функционирование органов местного самоуправления | D49: 5101 | E49: Федеральный закон от 02.03.2007 N 25-ФЗ "О муниципальной службе в Российской Федерации", "Бюджетный кодекс Российской Федерации" от 31.07.1998 N 145-ФЗ (ред. от 03.07.2016) (с изм. и доп., вступ. в силу с 01.09.2016) | F49: ст.96,9 | G49: 02.03.2007 не ограничен | H49: Закон Нижегородской области от 03.08.2007 № 99-З " О муниципальной службе в Нижегородской области" | I49: ст.25 | J49: 39297 | K49: 01 01 | L49: 04 13 | M49: 2074.3 | N49: 1954.8 | O49: 2047.9 | P49: 1845.7 | Q49: 1826.3 | R49: 1835.9
B50: 1.2.2. | C50: финансирование муниципальных учреждений | D50: 5102 | Q50: =#N/A -> 0 | R50: =#N/A -> 0
B51: 1.2.3. | C51: принятие устава муниципального образования и внесение в него изменений и дополнений, издание муниципальных правовых актов | D51: 5103 | Q51: =#N/A -> 0 | R51: =#N/A -> 0
B52: 1.2.4. | C52: установление официальных символов муниципального образования | D52: 5104 | Q52: =#N/A -> 0 | R52: =#N/A -> 0
B53: 1.2.5. | C53: создание муниципальных предприятий и учреждений, осуществление финансового обеспечения деятельности муниципальных казенных учреждений и финансового обеспечения выполнения муниципального задания бюджетными и автономными муниципальными учреждениями, а также осуществление закупок товаров, работ, услуг для обеспечения муниципальных нужд | D53: 5105 | Q53: =#N/A -> 0 | R53: =#N/A -> 0
B54: 1.2.6. | C54: установление тарифов на услуги, предоставляемые муниципальными предприятиями и учреждениями, и работы, выполняемые муниципальными предприятиями и учреждениями, если иное не предусмотрено федеральными законами | D54: 5106 | Q54: =#N/A -> 0 | R54: =#N/A -> 0
B55: 1.2.7. | C55: регулирование тарифов на подключение к системе коммунальной инфраструктуры, тарифов организаций коммунального комплекса на подключение, надбавок к тарифам на товары и услуги организаций коммунального комплекса, надбавок к ценам (тарифам) для потребителей. | D55: 5107 | Q55: =#N/A -> 0 | R55: =#N/A -> 0
B56: 1.2.8. | C56: полномочиями по организации теплоснабжения, предусмотренными Федеральным законом «О теплоснабжении» | D56: 5108 | Q56: =#N/A -> 0 | R56: =#N/A -> 0
B57: 1.2.9. | C57: полномочиями в сфере водоснабжения и водоотведения, предусмотренными Федеральным законом «О водоснабжении и водоотведении» | D57: 5109 | Q57: =#N/A -> 0 | R57: =#N/A -> 0
B58: 1.2.10. | C58: организационное и материально-техническое обеспечение подготовки и проведения муниципальных выборов, местного референдума, голосования по отзыву депутата, члена выборного органа местного самоуправления, выборного должностного лица местного самоуправления, голосования по вопросам изменения границ муниципального образования, преобразования муниципального образования | D58: 5110 | Q58: =#N/A -> 0 | R58: =#N/A -> 0
B59: 1.2.11. | C59: принятие и организация выполнения планов и программ комплексного социально-экономического развития муниципального образования, а также организация сбора статистических показателей, характеризующих состояние экономики и социальной сферы муниципального образования, и предоставление указанных данных органам государственной власти в порядке, установленном Правительством Российской Федерации | D59: 5111 | Q59: =#N/A -> 0 | R59: =#N/A -> 0
B60: 1.2.12. | C60: разработка и утверждение программ комплексного развития систем коммунальной инфраструктуры поселений, городских округов, программ комплексного развития транспортной инфраструктуры поселений, городских округов, программ комплексного развития социальной инфраструктуры поселений, городских округов, требования к которым устанавливаются Правительством Российской Федерации | D60: 5112 | Q60: =#N/A -> 0 | R60: =#N/A -> 0
B61: 1.2.13. | C61: учреждение печатного средства массовой информации для опубликования муниципальных правовых актов, обсуждения проектов муниципальных правовых актов по вопросам местного значения, доведения до сведения жителей муниципального образования официальной информации о социально-экономическом и культурном развитии муниципального образования, о развитии его общественной инфраструктуры и иной официальной информации | D61: 5113 | Q61: =#N/A -> 0 | R61: =#N/A -> 0
... B65: 1.2.17. | C65: … | D65: 5117 | Q65: =#N/A -> 0 | R65: =#N/A -> 0
B66: … | C66: … | D66: … | Q66: =#N/A -> 0 | R66: =#N/A -> 0
B67: 1.2.99. | C67: … | D67: 5199 | Q67: =#N/A -> 0 | R67: =#N/A -> 0
B68: 1.3. | C68: Расходные обязательства, возникшие в результате принятия нормативных правовых актов сельского поселения, заключения договоров (соглашений) в рамках реализации органами местного самоуправления сельского поселения прав на решение вопросов, не отнесенных к вопросам местного значения сельского поселения, всего | D68: 5200 | E68: х | F68: х | G68: х | H68: х | I68: х | J68: х | K68: х | L68: х | Q68: =#N/A -> 0 | R68: =#N/A -> 0
B69: 1.3.1. | C69: по перечню, предусмотренному Федеральным законом от 06.10.2003 № 131-ФЗ «Об общих принципах организации местного самоуправления в Российской Федерации», всего | D69: 5201 | E69: х | F69: х | G69: х | H69: х | I69: х | J69: х | K69: х | L69: х | Q69: =#N/A -> 0 | R69: =#N/A -> 0
B70: 1.3.1.1. | C70: создание музеев сельского поселения | D70: 5202 | Q70: =#N/A -> 0 | R70: =#N/A -> 0
B71: 1.3.1.2. | C71: совершение нотариальных действий, предусмотренных законодательством, в случае отсутствия в сельском поселении нотариуса | D71: 5203 | Q71: =#N/A -> 0 | R71: =#N/A -> 0
B72: 1.3.1.3. | C72: участие в осуществлении деятельности по опеке и попечительству | D72: 5204 | Q72: =#N/A -> 0 | R72: =#N/A -> 0
B73: 1.3.1.4. | C73: создание условий для осуществления деятельности, связанной с реализацией прав местных национально-культурных автономий на территории сельского поселения | D73: 5205 | Q73: =#N/A -> 0 | R73: =#N/A -> 0
B74: 1.3.1.5. | C74: оказание содействия национально-культурному развитию народов Российской Федерации и реализации мероприятий в сфере межнациональных отношений на территории сельского поселения | D74: 5206 | Q74: =#N/A -> 0 | R74: =#N/A -> 0
B75: 1.3.1.6. | C75: участие в организации и осуществлении мероприятий по мобилизационной подготовке муниципальных предприятий и учреждений, находящихся на территории сельского поселения | D75: 5207 | Q75: =#N/A -> 0 | R75: =#N/A -> 0
B76: 1.3.1.7. | C76: создание муниципальной пожарной охраны | D76: 5208 | Q76: =#N/A -> 0 | R76: =#N/A -> 0
B77: 1.3.1.8. | C77: создание условий для развития туризма | D77: 5209 | Q77: =#N/A -> 0 | R77: =#N/A -> 0
B78: 1.3.1.9. | C78: оказание поддержки общественным наблюдательным комиссиям, осуществляющим общественный контроль за обеспечением прав человека и содействие лицам, находящимся в местах принудительного содержания | D78: 5210 | Q78: =#N/A -> 0 | R78: =#N/A -> 0
B79: 1.3.1.10. | C79: оказание поддержки общественным объединениям инвалидов, а также созданным общероссийскими общественными объединениями инвалидов организациям в соответствии с Федеральным законом от 24 ноября 1995 года № 181-ФЗ «О социальной защите инвалидов в Российской Федерации» | D79: 5211 | Q79: =#N/A -> 0 | R79: =#N/A -> 0
B80: 1.3.1.11. | C80: создание условий для организации проведения независимой оценки качества оказания услуг организациями в порядке и на условиях, которые установлены федеральными законами | D80: 5212 | Q80: =#N/A -> 0 | R80: =#N/A -> 0
B81: 1.3.1.12. | C81: предоставление гражданам жилых помещений муниципального жилищного фонда по договорам найма жилых помещений жилищного фонда социального использования в соответствии с жилищным законодательством | D81: 5213 | Q81: =#N/A -> 0 | R81: =#N/A -> 0
B82: 1.3.1.13. | C82: осуществление мероприятий по отлову и содержанию безнадзорных животных, обитающих на территории сельского поселения | D82: 5214 | Q82: =#N/A -> 0 | R82: =#N/A -> 0
B83: 1.3.2. | C83: по участию в осуществлении государственных полномочий (не переданных в соответствии со статьей 19 Федерального закона от 06.10.2003 № 131-ФЗ «Об общих принципах организации местного самоуправления в Российской Федерации»), если это участие предусмотрено федеральными законами, всего | D83: 5300 | E83: х | F83: х | G83: х | H83: х | I83: х | J83: х | K83: х | L83: х | Q83: =#N/A -> 0 | R83: =#N/A -> 0
B84: 1.3.2.1. | C84: … | D84: 5301 | Q84: =#N/A -> 0 | R84: =#N/A -> 0
B85: … | C85: … | D85: … | Q85: =#N/A -> 0 | R85: =#N/A -> 0
B86: 1.3.2.99. | C86: … | D86: 5399 | Q86: =#N/A -> 0 | R86: =#N/A -> 0
B87: 1.3.3. | C87: по реализации вопросов, не отнесенных к компетенции органов местного самоуправления других муниципальных образований, органов государственной власти и не исключенных из их компетенции федеральными законами и законами субъектов Российской Федерации, всего | D87: 5400 | E87: х | F87: х | G87: х | H87: х | I87: х | J87: х | K87: х | L87: х | Q87: =#N/A -> 0 | R87: =#N/A -> 0
B88: 1.3.3.1. | C88: … | D88: 5401 | Q88: =#N/A -> 0 | R88: =#N/A -> 0
B89: … | C89: … | D89: … | Q89: =#N/A -> 0 | R89: =#N/A -> 0
B90: 1.3.3.99. | C90: … | D90: 5499 | Q90: =#N/A -> 0 | R90: =#N/A -> 0
B91: 1.4. | C91: Расходные обязательства, возникшие в результате принятия нормативных правовых актов сельского поселения, заключения договоров (соглашений) в рамках реализации органами местного самоуправления сельского поселения отдельных государственных полномочий, переданных органами государственной власти Российской Федерации и (или) органами государственной власти субъекта Российской Федерации, всего | D91: 5500 | E91: х | F91: х | G91: х | H91: х | I91: х | J91: х | K91: х | L91: х | M91: =SUM(M92) -> 91.5 | N91: =SUM(N92) -> 91.5 | O91: =SUM(O92) -> 98.3 | P91: =SUM(P92) -> 88.7 | Q91: =SUM(Q92) -> 90 | R91: =SUM(R92) -> 94.4
B92: 1.4.1. | C92: за счет субвенций, предоставленных из федерального бюджета или бюджета субъекта Российской Федерации, всего | D92: 5501 | E92: х | F92: х | G92: х | H92: х | I92: х | J92: х | K92: х | L92: х | M92: =SUM(M93) -> 91.5 | N92: =SUM(N93) -> 91.5 | O92: =SUM(O93) -> 98.3 | P92: =SUM(P93) -> 88.7 | Q92: =SUM(Q93) -> 90 | R92: =SUM(R93) -> 94.4
B93: 1.4.1.1. | C93: Субвенции на обеспечение поселений, входящих в состав муниципальных районов Нижегородской области, субвенциями из областного фонда компенсаций на осуществление государственных полномочий Российской Федерации по первичному воинскому учету на территориях, где отсутствуют военные комиссариаты | D93: 5502 | H93: Закон Нижегородской области от 17.12.2012 N 164-З (ред. от 18.12.2013) Об областном бюджете на 2013 год(принят постановлением ЗС НО от 06.12.2012 N 735-V) | I93: ст.18 п.2 | J93: 01.01.2013 не ограничен | K93: 02 | L93: 03 | M93: 91.5 | N93: 91.5 | O93: 98.3 | P93: 88.7 | Q93: 90 | R93: 94.4
B94: … | C94: … | D94: … | Q94: =#N/A -> 0 | R94: =#N/A -> 0
B95: 1.4.1.98. | C95: … | D95: 5599 | Q95: =#N/A -> 0 | R95: =#N/A -> 0
B96: 1.4.2. | C96: за счет собственных доходов и источников финансирования дефицита бюджета сельского поселения, всего | D96: 5600 | E96: х | F96: х | G96: х | H96: х | I96: х | J96: х | K96: х | L96: х | Q96: =#N/A -> 0 | R96: =#N/A -> 0
B97: 1.4.2.1. | C97: … | D97: 5601 | Q97: =#N/A -> 0 | R97: =#N/A -> 0
B98: … | C98: … | D98: … | Q98: =#N/A -> 0 | R98: =#N/A -> 0
B99: 1.4.2.99. | C99: … | D99: 5699 | Q99: =#N/A -> 0 | R99: =#N/A -> 0
B100: 1.5. | C100: Расходные обязательства, возникшие в результате принятия нормативных правовых актов сельского поселения, заключения соглашений, предусматривающих предоставление межбюджетных трансфертов из бюджета сельского поселения другим бюджетам бюджетной системы Российской Федерации, всего | D100: 5700 | E100: х | F100: х | G100: х | H100: х | I100: х | J100: х | K100: х | L100: х | M100: =SUM(M107) -> 5057.2 | N100: =SUM(N107) -> 5057.2 | O100: =SUM(O107) -> 5935.5 | P100: =SUM(P107) -> 6325.3 | Q100: =SUM(Q107) -> 4851.8 | R100: =SUM(R107) -> 5583.6
B101: 1.5.1. | C101: по предоставлению субсидий, всего | D101: 5701 | E101: х | F101: х | G101: х | H101: х | I101: х | J101: х | K101: х | L101: х | Q101: =#N/A -> 0 | R101: =#N/A -> 0
B102: 1.5.1.1. | C102: в бюджет субъекта Российской Федерации, всего | D102: 5702 | Q102: =#N/A -> 0 | R102: =#N/A -> 0
B103: 1.5.1.2. | C103: в бюджет муниципального района на решение вопросов местного значения межмуниципального характера, всего | D103: 5703 | E103: х | F103: х | G103: х | H103: х | I103: х | J103: х | K103: х | L103: х | Q103: =#N/A -> 0 | R103: =#N/A -> 0
B104: 1.5.1.2.1. | C104: … | D104: 5704 | Q104: =#N/A -> 0 | R104: =#N/A -> 0
...

Sheet Бланк
A1: 17 | B1: Свод реестров расходных обязательств Шарангского муниципального района
B3: Наименование полномочия, расходного обязательства | D3: Наименование муниципальной услуги (работы) | E3: Правовое основание финансового обеспечения и расходования средств (нормативные правовые акт, договоры, соглашения) | N3: Код расхода по БК | P3: Объем средств на исполнение расходного обязательства
A4: ID_Form = 1000368 | E4: Российской Федерации | H4: субъекта Российской Федерации | K4: муницпального района | P4: отчетный 20__год | R4: текущий 20__ год | S4: очередной 20__ год | T4: плановый период
A5: 6 | E5: Наименование номер и дата | F5: Номер статьи (подстатьи), пункта (подпункта ) | G5: Дата вступления в силу и срок действия | H5: Наименование номер и дата | I5: Номер статьи (подстатьи), пункта (подпункта ) | J5: Дата вступления в силу и срок действия | K5: Наименование номер и дата | L5: Номер статьи (подстатьи), пункта (подпункта ) | M5: Дата вступления в силу и срок действия | N5: раздел | O5: подраздел | P5: по плану | Q5: по факту исполнения | T5: 20__ | U5: 20__
A6: 8 | B6: 1 | D6: 2 | E6: 3 | F6: 4 | G6: 5 | H6: 6 | I6: 7 | J6: 8 | K6: 9 | L6: 10 | M6: 11 | N6: 12 | O6: 13 | P6: 14 | Q6: 15 | R6: 16 | S6: 17 | T6: 18 | U6: 19
A7: 29 | B7: 1. | C7: Расходные обязательства, возникшие в результате принятия нормативных правовых актов муниципального района, заключения договоров (соглашений), всего
A8: 377 | C8: из них: | AE8: =X7 -> 0
B9: в том числе субсидии бюджетным учреждениям на финансовое обеспечение муниципального задания на оказание муниципальных услуг (выполнение работ)
B10: 1.1. | C10: Расходные обязательства, возникшие в результате принятия нормативных правовых актов муниципального района, заключения договоров (соглашений) в рамках реализации вопросов местного значения муниципального района, всего
B11: 1.1.1. | C11: составление и рассмотрение проекта бюджета муниципального района, утверждение и исполнение бюджета муниципального района, осуществление контроля за его исполнением, составление и утверждение отчета об исполнении бюджета муниципального района
B12: 1.1.2. | C12: установление, изменение и отмена местных налогов и сборов муниципального района
B13: 1.1.3. | C13: владение, пользование и распоряжение имуществом, находящимся в муниципальной собственности муниципального района
B14: 1.1.4. | C14: организация в границах муниципального района электро- и газоснабжения поселений в пределах полномочий, установленных законодательством Российской Федерации
B15: 1.1.5. | C15: дорожная деятельность в отношении автомобильных дорог местного значения вне границ населенных пунктов в границах муниципального района, осуществление муниципального контроля за сохранностью автомобильных дорог местного значения вне границ населенных пунктов в границах муниципального района, и обеспечение безопасности дорожного движения на них, а также осуществление иных полномочий в области использования автомобильных дорог и осуществления дорожной деятельности в соответствии с законодательством Российской Федерации
B16: 1.1.6. | C16: создание условий для предоставления транспортных услуг населению и организация транспортного обслуживания населения между поселениями в границах муниципального района
B17: 1.1.7. | C17: участие в профилактике терроризма и экстремизма, а также в минимизации и (или) ликвидации последствий проявлений терроризма и экстремизма на территории муниципального района
B18: 1.1.8. | C18: разработка и осуществление мер, направленных на укрепление межнационального и межконфессионального согласия, поддержку и развитие языков и культуры народов Российской Федерации, проживающих на территории муниципального района, реализацию прав национальных меньшинств, обеспечение социальной и культурной адаптации мигрантов, профилактику межнациональных (межэтнических) конфликтов
B19: 1.1.9. | C19: участие в предупреждении и ликвидации последствий чрезвычайных ситуаций на территории муниципального района
B20: 1.1.10. | C20: организация охраны общественного порядка на территории муниципального района муниципальной милицией
B21: 1.1.11. | C21: предоставление помещения для работы на обслуживаемом административном участке муниципального района сотруднику, замещающему должность участкового уполномоченного полиции
... B120: 1.4. | C120: Расходные обязательства, возникшие в результате принятия нормативных правовых актов муниципального района, заключения договоров (соглашений) в рамках реализации органами местного самоуправления муниципального района отдельных государственных полномочий, переданных органами государственной власти Российской Федерации и (или) органами государственной власти субъекта Российской
C121: Федерации, всего
B122: 1.4.1. | C122: за счет субвенций, предоставленных из федерального бюджета или бюджета субъекта Российской Федерации, всего
B123: 1.4.1.1. | C123: Субвенции на возмещение части затрат сельскохозяйственных товаропроизводителей на уплату страховой премии, начисленной по договору сельскохозяйственного страхования в области животноводства, за счет средств областного бюджета
B124: 1.4.1.2. | C124: Субвенции на исполнение полномочий в сфере общего образования в муниципальных дошкольных образовательных организациях
B125: 1.4.1.3. | C125: Субвенции на исполнение полномочий по финансовому обеспечению получения дошкольного образования в частных дошкольных образовательных организациях посредством предоставления указанным образовательным организациям субсидий на возмещение затрат, включая расходы на оплату труда, приобретение учебников и учебных пособий, средств обучения, игр, игрушек (за исключением расходов на содержание зданий и оплату коммунальных услуг)
B126: 1.4.1.4. | C126: Субвенции на осуществление полномочий по созданию и организации деятельности муниципальных комиссий по делам несовершеннолетних и защите их прав
B127: 1.4.1.5. | C127: Субвенции на осуществление полномочий по поддержке сельскохозяйственного производства
B128: 1.4.1.6. | C128: Субвенции на осуществление полномочий по организационно-техническому и информационно-методическому сопровождению аттестации педагогических работников муниципальных и частных организаций, осуществляющих образовательную деятельность, с целью установления соответствия уровня квалификации требованиям, предъявляемым к первой квалификационной категории
B129: 1.4.1.7. | C129: Субвенции на осуществление полномочий по организации и осуществлению деятельности по опеке и попечительству в отношении несовершеннолетних граждан
B130: 1.4.1.8. | C130: Субвенции на исполнение полномочий в сфере общего образования в муниципальных общеобразовательных организациях
B131: 1.4.1.9. | C131: Субвенции бюджету городского округа город Нижний Новгород на осуществление полномочий в области социальной поддержки и социального обслуживания семей, имеющих детей
B132: 1.4.1.10. | C132: Субвенции на осуществление выплаты компенсации части родительской платы за присмотр и уход за ребенком в государственных и муниципальных дошкольных образовательных организациях, частных образовательных организациях, реализующих образовательную программу дошкольного образования, в том числе обеспечение организации выплаты компенсации части родительской платы
B133: 1.4.1.11. | C133: Субвенции на осуществление органами местного самоуправления муниципальных районов полномочий органов государственной власти Нижегородской области по расчету и предоставлению дотаций бюджетам поселений
... B176: 1.4.1.54 | C176: Субвенции на проведение ремонта жилых помещений, собственниками которых являются дети-сироты и дети, оставшиеся без попечения родителей, а также лица из числа детей-сирот и детей, оставшихся без попечения родителей, либо жилых помещений государственного жилищного фонда, право пользования которыми за ними сохранено, в целях обеспечения надлежащего санитарного и технического состояния этих жилых помещений
B177: 1.4.2.2.
B178: 1.5. | C178: Расходные обязательства, возникшие в результате принятия нормативных правовых актов муниципального района, заключения соглашений, предусматривающих предоставление межбюджетных трансфертов из бюджета муниципального района другим бюджетам бюджетной системы Российской Федерации, всего
B179: 1.5.1. | C179: по предоставлению дотаций на выравнивание бюджетной обеспеченности городских, сельских поселений, всего
B180: 1.5.2. | C180: по предоставлению субсидий в бюджет субъекта Российской Федерации, всего
B181: 1.5.3. | C181: по предоставлению субвенций в бюджеты городских, сельских поселений, предоставленных из федерального бюджета и (или) бюджета субъекта Российской Федерации, в случае наделения федеральным законом и (или) законом субъекта Российской Федерации органов местного самоуправления муниципального района полномочиями органов государственной власти по расчету и предоставлению субвенций бюджетам городских, сельских поселений, всего
B182: 1.5.3.1. | C182: на осуществление государственных полномочий Российской Федерации по первичному воинскому учету на территориях, где отсутствуют военные комиссариаты
B183: … | C183: …
B184: 1.5.3.96. | C184: …
B185: 1.5.4. | C185: по предоставлению иных межбюджетных трансфертов, всего
B186: 1.5.4.1. | C186: в бюджет городского, сельского поселения в случае заключения соглашения с органами местного самоуправления отдельных поселений, входящих в состав муниципального района, о передаче им осуществления части своих полномочий по решению вопросов местного значения, всего
B187: 1.5.4.1.1. | C187: на реализацию проекта по поддержке местных инициатив
B188: 1.5.4.1.2 | C188: иные межбюджетные трансферты на поддержку мер по обеспечению сбалансированности бюджетов поселений
B189: 1.5.4.1.3 | C189: иных межбюджетных трансфертов
... B194: 1.5.1.2.99. | C194: …
B195: 2. | C195: Расходные обязательства, возникшие в результате принятия нормативных правовых актов городского округа, заключения договоров (соглашений), всего | D195: 2000 | E195: х | F195: х | G195: х | K195: х | L195: х | M195: х | N195: х | O195: х
C196: из них:
B197: 2.1. | C197: Расходные обязательства, возникшие в результате принятия нормативных правовых актов городского округа, заключения договоров (соглашений) в рамках реализации вопросов местного значения городского округа, всего | D197: 2001 | E197: х | F197: х | G197: х | K197: х | L197: х | M197: х | N197: х | O197: х
B198: 2.1.1. | C198: составление и рассмотрение проекта бюджета городского округа, утверждение и исполнение бюджета городского округа, осуществление контроля за его исполнением, составление и утверждение отчета об исполнении бюджета городского округа | D198: 2002
B199: 2.1.2. | C199: установление, изменение и отмена местных налогов и сборов городского округа | D199: 2003
B200: 2.1.3. | C200: владение, пользование и распоряжение имуществом, находящимся в муниципальной собственности городского округа | D200: 2004
B201: 2.1.4. | C201: организация в границах городского округа электро-, тепло-, газо- и водоснабжения населения, водоотведения, снабжения населения топливом в пределах полномочий, установленных законодательством Российской Федерации | D201: 2005
B202: 2.1.5. | C202: дорожная деятельность в отношении автомобильных дорог местного значения в границах городского округа и обеспечение безопасности дорожного движения на них, включая создание и обеспечение функционирования парковок (парковочных мест), осуществление муниципального контроля за сохранностью автомобильных дорог местного значения в границах городского округа, а также осуществление иных полномочий в области использования автомобильных дорог и осуществления дорожной деятельности в соответствии с законодательством Российской Федерации | D202: 2006
B203: 2.1.6. | C203: обеспечение проживающих в городском округе и нуждающихся в жилых помещениях малоимущих граждан жилыми помещениями, организация строительства и содержания муниципального жилищного фонда, создание условий для жилищного строительства, осуществление муниципального жилищного контроля, а также иных полномочий органов местного самоуправления в соответствии с жилищным законодательством | D203: 2007
B204: 2.1.7. | C204: создание условий для предоставления транспортных услуг населению и организация транспортного обслуживания населения в границах городского округа | D204: 2008
B205: 2.1.8. | C205: участие в профилактике терроризма и экстремизма, а также в минимизации и (или) ликвидации последствий проявлений терроризма и экстремизма в границах городского округа | D205: 2009
B206: 2.1.9. | C206: разработка и осуществление мер, направленных на укрепление межнационального и межконфессионального согласия, поддержку и развитие языков и культуры народов Российской Федерации, проживающих на территории городского округа, реализацию прав национальных меньшинств, обеспечение социальной и культурной адаптации мигрантов, профилактику межнациональных (межэтнических) конфликтов | D206: 2010
B207: 2.1.10. | C207: участие в предупреждении и ликвидации последствий чрезвычайных ситуаций в границах городского округа | D207: 2011
B208: 2.1.11. | C208: организация охраны общественного порядка на территории городского округа муниципальной милицией | D208: 2012
B209: 2.1.12. | C209: предоставление помещения для работы на обслуживаемом административном участке городского округа сотруднику, замещающему должность участкового уполномоченного полиции | D209: 2013
... B241: 2.1.44. | C241: организация в соответствии с Федеральным законом от 24 июля 2007 года № 221-ФЗ «О государственном кадастре недвижимости» выполнения комплексных кадастровых работ и утверждение карты-плана территории | D241: 2045
B242: 2.2. | C242: Расходные обязательства, возникшие в результате принятия нормативных правовых актов городского округа, заключения договоров (соглашений) в рамках реализации полномочий органов местного самоуправления городского округа по решению вопросов местного значения городского округа, всего | D242: 2100 | E242: х | F242: х | G242: х | K242: х | L242: х | M242: х | N242: х | O242: х
B243: 2.2.1. | C243: функционирование органов местного самоуправления | D243: 2101
B244: 2.2.2. | C244: финансирование муниципальных учреждений | D244: 2102
B245: 2.2.3. | C245: принятие устава муниципального образования и внесение в него изменений и дополнений, издание муниципальных правовых актов | D245: 2103
B246: 2.2.4. | C246: установление официальных символов муниципального образования | D246: 2104
B247: 2.2.5. | C247: создание муниципальных предприятий и учреждений, осуществление финансового обеспечения деятельности муниципальных казенных учреждений и финансового обеспечения выполнения муниципального задания бюджетными и автономными муниципальными учреждениями, а также осуществление закупок товаров, работ, услуг для обеспечения муниципальных нужд | D247: 2105
B248: 2.2.6. | C248: установление тарифов на услуги, предоставляемые муниципальными предприятиями и учреждениями, и работы, выполняемые муниципальными предприятиями и учреждениями, если иное не предусмотрено федеральными законами | D248: 2106
B249: 2.2.7. | C249: регулирование тарифов на подключение к системе коммунальной инфраструктуры, тарифов организаций коммунального комплекса на подключение, надбавок к тарифам на товары и услуги организаций коммунального комплекса, надбавок к ценам (тарифам) для потребителей. | D249: 2107
B250: 2.2.8. | C250: полномочиями по организации теплоснабжения, предусмотренными Федеральным закономО теплоснабжении» | D250: 2108
B251: 2.2.9. | C251: полномочиями в сфере водоснабжения и водоотведения, предусмотренными Федеральным законом «О водоснабжении и водоотведении» | D251: 2109
B252: 2.2.10. | C252: организационное и материально-техническое обеспечение подготовки и проведения муниципальных выборов, местного референдума, голосования по отзыву депутата, члена выборного органа местного самоуправления, выборного должностного лица местного самоуправления, голосования по вопросам изменения границ муниципального образования, преобразования муниципального образования | D252: 2110
B253: 2.2.11. | C253: принятие и организация выполнения планов и программ комплексного социально-экономического развития муниципального образования, а также организация сбора статистических показателей, характеризующих состояние экономики и социальной сферы муниципального образования, и предоставление указанных данных органам государственной власти в порядке, установленном Правительством Российской Федерации | D253: 2111
B254: 2.2.12. | C254: разработка и утверждение программ комплексного развития систем коммунальной инфраструктуры поселений, городских округов, программ комплексного развития транспортной инфраструктуры поселений, городских округов, программ комплексного развития социальной инфраструктуры поселений, городских округов, требования к которым устанавливаются Правительством Российской Федерации | D254: 2112
... B259: 2.2.17. | C259: … | D259: 2117
B260: … | C260: … | D260: …
B261: 2.2.99. | C261: … | D261: 2199
B262: 2.3. | C262: Расходные обязательства, возникшие в результате принятия нормативных правовых актов городского округа, заключения договоров (соглашений) в рамках реализации органами местного самоуправления городского округа прав на решение вопросов, не отнесенных к вопросам местного значения городского округа, всего | D262: 2200 | E262: х | F262: х | G262: х | K262: х | L262: х | M262: х | N262: х | O262: х
B263: 2.3.1. | C263: по перечню, предусмотренному Федеральным законом от 06.10.2003 № 131-ФЗ «Об общих принципах организации местного самоуправления в Российской Федерации», всего | D263: 2201 | E263: х | F263: х | G263: х | K263: х | L263: х | M263: х | N263: х | O263: х
B264: 2.3.1.1. | C264: создание музеев городского округа | D264: 2202
B265: 2.3.1.2. | C265: создание муниципальных образовательных организаций высшего образования | D265: 2203
B266: 2.3.1.3. | C266: участие в осуществлении деятельности по опеке и попечительству | D266: 2204
B267: 2.3.1.4. | C267: создание условий для осуществления деятельности, связанной с реализацией прав местных национально-культурных автономий на территории городского округа | D267: 2205
B268: 2.3.1.5. | C268: оказание содействия национально-культурному развитию народов Российской Федерации и реализации мероприятий в сфере межнациональных отношений на территории городского округа | D268: 2206
B269: 2.3.1.6. | C269: создание муниципальной пожарной охраны | D269: 2207
B270: 2.3.1.7. | C270: создание условий для развития туризма | D270: 2208
B271: 2.3.1.8. | C271: оказание поддержки общественным наблюдательным комиссиям, осуществляющим общественный контроль за обеспечением прав человека и содействие лицам, находящимся в местах принудительного содержания | D271: 2209
B272: 2.3.1.9. | C272: оказание поддержки общественным объединениям инвалидов, а также созданным общероссийскими общественными объединениями инвалидов организациям в соответствии с Федеральным законом от 24 ноября 1995 года № 181-ФЗ «О социальной защите инвалидов в Российской Федерации» | D272: 2210
B273: 2.3.1.10. | C273: осуществление мероприятий, предусмотренных Федеральным законом «О донорстве крови и ее компонентов» | D273: 2211
B274: 2.3.1.11. | C274: создание условий для организации проведения независимой оценки качества оказания услуг организациями в порядке и на условиях, которые установлены федеральными законами | D274: 2212
B275: 2.3.1.12. | C275: предоставление гражданам жилых помещений муниципального жилищного фонда по договорам найма жилых помещений жилищного фонда социального использования в соответствии с жилищным законодательством | D275: 2213
... B277: 2.3.1.14. | C277: … | D277: 2215
B278: … | C278: … | D278: …
B279: 2.3.1.98. | C279: … | D279: 2299
B280: 2.3.2. | C280: по участию в осуществлении государственных полномочий (не переданных в соответствии со статьей 19 Федерального закона от 06.10.2003 № 131-ФЗ «Об общих принципах организации местного самоуправления в Российской Федерации»), если это участие предусмотрено федеральными законами, всего | D280: 2300 | E280: х | F280: х | G280: х | K280: х | L280: х | M280: х | N280: х | O280: х
B281: 2.3.2.1. | C281: … | D281: 2301
...

Sheet Лист1
